 Dungeon Crawl Stone Soup version 0.31.0-9-g3a7656b989 (webtiles) character file.

Game seed: 17190713468632948901

205 monsoonserge the Vexing (level 6, 0/44 HPs)
             Began as a Formicid Hexslinger on Jan 24, 2024.
             Slain by an iguana (9 damage)
             ... on level 4 of the Dungeon.
             The game lasted 00:09:26 (2905 turns).

monsoonserge the Vexing (Formicid Hexslinger)       Turns: 2905, Time: 00:09:27

Health: 0/44       AC:  3    Str: 19    XL:     6   Next: 9%
Magic:  15/17      EV: 12    Int: 12    God:
Gold:   122        SH:  0    Dex: 18    Spells: 6/8 levels left

rFire   . . .        a - +1 sling
rCold   . . .        (no shield)
rNeg    . . .        h - +0 leather armour
rPois   .            (helmet unavailable)
rElec   .            (no cloak)
rCorr   .            (no gloves)
SInv    +            (no boots)
Will    .....        k - amulet of regeneration
Stlth   +            l - ring of magical power
HPRegen 1.07/turn    m - +6 ring of strength
MPRegen 0.15/turn

%: no passive effects
@: weak-willed, jinxed
A: permanent stasis, dig shafts and tunnels, antennae 3, four strong arms
a: Dig, Shaft Self


You were on level 4 of the Dungeon.
You visited 1 branch of the dungeon, and saw 4 of its levels.

You collected 122 gold pieces.

Inventory:

Hand Weapons
 a - a +1 sling (weapon)
Armour
 c - a +0 robe
 d - a +0 ring mail
 h - a +0 leather armour (worn)
Jewellery
 k - an amulet of regeneration (around neck)
 l - a ring of magical power (left hand)
 m - a +6 ring of strength (right hand)
Scrolls
 b - a scroll of poison
 e - 3 scrolls of identify {unknown}
 g - a scroll of blinking {unknown}
 j - a scroll of teleportation {unknown}
 n - a scroll of brand weapon {unknown}
 o - a scroll of immolation {unknown}
 q - a scroll of fog {unknown}
Potions
 f - a potion of haste {unknown}
 i - 3 potions of mutation {unknown}
 p - a potion of brilliance {unknown}
 r - 2 potions of ambrosia {unknown}
 s - a potion of might {unknown}
 t - a potion of magic {unknown}


   Skills:
 + Level 2.0 Fighting
 + Level 4.2 Ranged Weapons
 * Level 2.2 Armour
 + Level 2.1 Dodging
 + Level 0.2 Stealth
 + Level 1.5 Spellcasting
 + Level 4.3 Hexes
 - Level 1.0 Fire Magic


You had 6 spell levels left.
You knew the following spells:

 Your Spells              Type           Power      Damage    Failure   Level
a - Jinxbite              Hex            22%        N/A       9%          2

Your spell library contained the following spells:

 Spells                   Type           Power      Damage    Failure   Level
 Sigil of Binding         Hex            11%        N/A       17%         3
 Inner Flame              Hex/Fire       7%         N/A       32%         3
 Sandblast                Erth           0%         2d4       34%         1
 Cause Fear               Hex            5%         N/A       50%         4
 Passwall                 Erth           0%         N/A       71%         3
 Stone Arrow              Conj/Erth      0%         3d7       71%         3
 Dimensional Bullseye     Hex/Tloc       3%         N/A       80%         4
 Brom's Barrelling Bould  Conj/Erth      0%         2d3       98%         4
 Passage of Golubria      Tloc           0%         N/A       98%         4
 Silence                  Hex/Air        3%         N/A       98%         5
 Lehudib's Crystal Spear  Conj/Erth      0%         10d2      100%        8


Dungeon Overview and Level Annotations

Branches:
Dungeon (4/15)
 Temple: D:4-7

Altars:

Annotations:
D:3 3 runed translucent doors, Esekla's ghost, amateur TeNe; ProzacElf's ghost, amateur DsGl; ojifijod's ghost, amateur NaSh


Innate Abilities, Weirdness & Mutations

You cannot be hasted, slowed, berserked, paralysed or teleported.
You can dig through walls and to a lower floor.
You have a pair of large antennae on your head. (SInv)
Your four strong arms can wield two-handed weapons with a shield.


Message History

You shoot a sling bullet.
The sling bullet barely misses the iguana.
The iguana bites you.
You shoot a sling bullet. The sling bullet hits the iguana.
The iguana is moderately wounded.
The iguana barely misses you.
You shoot a sling bullet.
The sling bullet hits the iguana but does no damage.
The iguana is moderately wounded.
The iguana closely misses you. The iguana bites you!
You shoot a sling bullet.
The sling bullet closely misses the iguana.
The iguana bites you!
You are too injured to fight recklessly!
You are too injured to fight recklessly!
You are too injured to fight recklessly!
You are too injured to fight recklessly!
You are too injured to fight recklessly!
Casting: Jinxbite (safe; 9% risk of failure)
Confirm with . or Enter, or press ? or * to list all spells.
You beckon some vexing sprites to accompany your attacks.
You feel your willpower being sapped. The iguana bites you!
* * * LOW HITPOINT WARNING * * *
You are too injured to fight recklessly!
Fire: a) +1 sling
Press: ? - help, Q - select action, (/) - cycle Shift-Dir - straight line, f/p - iguana
Aim: an iguana (moderately wounded, chance to call a sprite on attack: 53%, 66% to hit)
You shoot a sling bullet.
The sling bullet hits the iguana but does no damage.
The iguana is moderately wounded.
The iguana bites you!
* * * LOW HITPOINT WARNING * * *
Fire: a) +1 sling
Press: ? - help, Q - select action, (/) - cycle Shift-Dir - straight line, f/p - iguana
Aim: an iguana (moderately wounded, chance to call a sprite on attack: 53%, 66% to hit)
You shoot a sling bullet.
The sling bullet hits the iguana but does no damage.
The iguana is moderately wounded.
The iguana bites you!
You die...

.. #)# #.#
#...
..######...[
...........
..........
...).....
#.l...#
#@...#
#.)..##
#.....#
>......#
........#
#......>..#
#.....#...#
##.......##


You could see an iguana.

Vanquished Creatures
  Natasha (thrice) (D:3)
  An adder (D:2)
  4 gnolls
  A dart slug (D:1)
  2 ribbon worms (D:1)
  An orc (D:4)
  9 endoplasms
  6 giant cockroaches (D:1)
  5 hobgoblins
  2 jackals (D:1)
  5 kobolds
  2 quokkas (D:1)
  7 ball pythons
  9 bats
  4 frilled lizards
  11 goblins
  5 rats
77 creatures vanquished.

Notes
Turn   | Place    | Note
-------+----------+-------------------------------------------
     0 | D:1      | monsoonserge the Formicid Hexslinger began the quest for
                  | the Orb.
     0 | D:1      | Reached XP level 1. HP: 15/15 MP: 2/2
     1 | D:1      | Found a runed translucent door.
    24 | D:1      | Reached XP level 2. HP: 21/21 MP: 3/3
   115 | D:1      | Reached XP level 3. HP: 19/26 MP: 4/4
   118 | D:1      | Learned a level 2 spell: Jinxbite
   535 | D:2      | Found a faded altar of an unknown god.
   860 | D:2      | Reached XP level 4. HP: 32/32 MP: 5/5
  1437 | D:1      | Reached skill level 1 in Armour
  1471 | D:3      | Found a runed translucent gate.
  1471 | D:3      | Found a runed translucent gate.
  1474 | D:3      | Found a runed translucent gate.
  1474 | D:3      | Noticed Esekla's ghost (amateur TeNe)
  1475 | D:3      | Noticed ProzacElf's ghost (amateur DsGl)
  1475 | D:3      | Noticed ojifijod's ghost (amateur NaSh)
  1696 | D:3      | Noticed Natasha
  1701 | D:3      | Killed Natasha
  1702 | D:3      | Reached XP level 5. HP: 36/37 MP: 6/6
  1703 | D:3      | Noticed Natasha
  1711 | D:3      | Killed Natasha
  2272 | D:3      | Noticed Natasha
  2280 | D:3      | Killed Natasha
  2281 | D:3      | Reached XP level 6. HP: 44/44 MP: 8/8
  2905 | D:4      | Slain by an iguana

Illustrated notes

Levels and vault maps discovered:
D:1:      dpeg_arrival_caged_fury, layout_rooms
D:2:      layout_loops_corners, nicolae_ecumenical_oubliette
D:3:      layout_loops_corners, gammafunk_ghost_cemetery,
          nicolae_concentric_dashed_squares_mild, minmay_quantized, uniq_natasha
D:4:      layout_layer_cave, mainiacjoe_overflow_brackets, zin_academy,
          guppyfry_shop_venom

Skill      XL: |  1  2  3  4  5 |
---------------+----------------+-----
Hexes          | 4 |  4.3
Ranged Weapons | 3 4 |  4.2
Dodging        | 2 |  2.1
Armour         | 1 2 |  2.2
Fighting       | 2 |  2.0
Stealth        | |  0.2
Spellcasting   | |  1.5
Fire Magic     | |  1.0

Action                     |  1- 3 |  4- 6 || total
---------------------------+-------+-------++-------
   Fire: Sling             |    87 |   119 ||   206
   Cast: Jinxbite          |       |     9 ||     9
 Armour: Robe              |    16 |       ||    16
         Leather armour    |    11 |    72 ||    83
  Dodge: Dodged            |    24 |    79 ||   103
